 Dungeon Crawl Stone Soup version 0.31-a0-1570-g93c622d222 (webtiles) character file.

Game seed: 5180841521870832984

668 Flugslaktarn the Apothecary (level 7, -1/66 HPs)
             Began as an Octopode Alchemist on Jan 3, 2024.
             Incinerated by a bombardier beetle (4 damage)
             ... with a burning spray
             ... on level 5 of the Dungeon.
             The game lasted 00:05:29 (2351 turns).

Flugslaktarn the Apothecary (Octopode Alchemist)    Turns: 2351, Time: 00:05:29

Health: -1/66      AC: 23    Str:  7    XL:     7   Next: 58%
Magic:  10/13      EV:  2    Int: 31    God:
Gold:   94         SH:  0    Dex: 13    Spells: 5/14 levels left

rFire   . . .        h - +2 hand axe (flame)
rCold   . . .        (no shield)
rNeg    . . .        (helmet currently unavailable)
rPois   +            (no amulet)
rElec   .            d - +6 ring of intelligence
rCorr   .            n - +6 ring of intelligence
SInv    .            (no ring)
Will    .....        (no ring)
Stlth   +            (no ring)
HPRegen 0.31/turn    (no ring)
MPRegen 0.13/turn    (no ring)
                     (no ring)

%: no passive effects
@: brilliant, on fire, tree-form, hasted, glowing, very quick
A: stationary, stasis, torment immunity, boosted hp, almost no armour,
(amphibious), 8 rings, (camouflage 1), (gelatinous body 1), (nimble swimmer 1),
(tentacles)
a: no special abilities


You were on level 5 of the Dungeon.
You were a tree.
You visited 1 branch of the dungeon, and saw 5 of its levels.
You also visited: Ossuary.

You collected 94 gold pieces.

Inventory:

Hand Weapons
 h - a +2 hand axe of flaming (weapon)
   (You took it off an orc on level 5 of the Dungeon)
Missiles
 f - a throwing net
Jewellery
 d - a +6 ring of intelligence (left branch)
   (You found it on level 4 of the Dungeon)
 n - a +6 ring of intelligence (right branch)
   (You found it on level 4 of the Dungeon)
Scrolls
 g - a scroll of vulnerability
 j - a scroll of butterflies {unknown}
 k - a scroll of noise {unknown}
 t - 3 scrolls of teleportation
 z - a scroll of blinking
Potions
 a - 2 potions of magic


   Skills:
 * Level 1.8 Fighting
 - Level 2.0 Dodging
 - Level 2.6 Stealth
 + Level 4.3 Spellcasting
 - Level 1.0 Conjurations
 * Level 1.6 Fire Magic
 * Level 7.4 Alchemy


You had 5 spell levels left.
You knew the following spells:

 Your Spells              Type           Power      Damage    Failure   Level
a - Sting                 Conj/Alch      100%       1d9       1%          1
b - Olgreb's Toxic Radia  Alch           68%        N/A       2%          4
c - Sticky Flame          Fire/Alch      51%        2d9       9%          4

Your spell library contained the following spells:

 Spells                   Type           Power      Damage    Failure   Level
 Mercury Vapours          Alch/Air       88%        N/A       1%          2
 Mephitic Cloud           Conj/Alch/Air  36%        N/A       5%          3
 Ozocubu's Armour         Ice            10%        N/A       17%         3
 Metabolic Englaciation   Hex/Ice        5%         N/A       85%         5
 Sculpt Simulacrum        Ice/Alch       22%        N/A       89%         6


Dungeon Overview and Level Annotations

Branches:
Dungeon (5/15)            Ossuary (visited)
 Temple: D:4-7

Altars:
Makhleb

Annotations:
D:3 Grinder, Ijyb
D:4 exclusions: phantom and upstairs


Innate Abilities, Weirdness & Mutations

You are a tree.
Your roots penetrate the ground, keeping you stationary.
You cannot be teleported.
You are immune to unholy pain and torment.
Your maximum health is greatly increased.
You cannot wear most types of armour.
((You are amphibious.))
You can wear up to eight rings at the same time.
((Your skin changes colour to match your surroundings (Stealth+).))
((Your rubbery body absorbs attacks. (AC +1, EV +1)))
((You are camouflaged when in or above water. (Stealth+)))
((You have tentacles for arms and can constrict up to eight enemies at once.))


Message History

Items here: ( ) [ †.
Things that are here:
a +4 dagger; an orc corpse
Found a stone staircase leading down.
Things that are here:
a +2 hand axe of flaming; an orc corpse
h - a +2 hand axe of flaming Your +0 hand axe of flaming stops flaming.
Your +2 hand axe of flaming bursts into flame!
h - a +2 hand axe of flaming (weapon)
You drop a +0 hand axe of flaming.
A centaur comes into view.
Casting: Sting (safe; 1% risk of failure)
Confirm with . or Enter, or press ? or * to list all spells.
You begin to radiate toxic energy.
The centaur shouts!
The centaur is poisoned.
The centaur wields a +0 shortbow.
The centaur shoots an arrow.
The arrow hits you!
The centaur shoots an arrow.
The arrow hits you!
Press: ? - help, v - describe, . - travel
Here: a centaur, wielding a +0 shortbow (moderately wounded, poisoned)
The floor.
Unknown command.
Okay, then.
Unknown command.
Unknown command.
Okay, then.
Unknown command.
You turn into a tree.
Your roots penetrate the ground.
The centaur looks even sicker.
The centaur shoots an arrow.
The arrow hits you.
The centaur looks even sicker.
Your toxic aura wanes.
The centaur shoots an arrow.
The arrow hits you.
* * * LOW HITPOINT WARNING * * *
The centaur shoots an arrow.
The arrow hits you.
* * * LOW HITPOINT WARNING * * *
The centaur shoots an arrow.
The arrow hits you!
* * * LOW HITPOINT WARNING * * *
Casting: Olgreb's Toxic Radiance (dangerous; 3% risk of failure)
Confirm with . or Enter, or press ? or * to list all spells.
You begin to radiate toxic energy.
The centaur shoots an arrow.
The arrow hits you but does no damage.
The centaur shoots an arrow.
The arrow hits you.
* * * LOW HITPOINT WARNING * * *
The centaur shoots an arrow.
The arrow hits you but does no damage.
The centaur looks even sicker.
Your toxic aura wanes.
The centaur shoots an arrow.
The arrow hits you.
* * * LOW HITPOINT WARNING * * *
The centaur shoots an arrow.
The arrow hits you but does no damage.
You kill the centaur!
You start resting.
A bombardier beetle comes into view.
Unknown command.
You are confused.
You feel invigorated.
You're too confused to cast spells.
You cannot move. (Use ctrl+direction or * direction to attack while stationary and confused.)
The bombardier beetle sprays incendiary fluid at you.
The burning spray hits you.
You are covered in liquid fire!
The liquid fire burns you! The liquid fire burns you!
The liquid fire burns you!
* * * LOW HITPOINT WARNING * * *
You feel less invigorated.
You feel less confused.
Casting: Olgreb's Toxic Radiance (dangerous; 2% risk of failure)
Confirm with . or Enter, or press ? or * to list all spells.
You begin to radiate toxic energy.
The bombardier beetle is poisoned.
The liquid fire burns you!
* * * LOW HITPOINT WARNING * * *
The liquid fire burns you!
* * * LOW HITPOINT WARNING * * *
Your toxic aura wanes.
The liquid fire burns you!
* * * LOW HITPOINT WARNING * * *
The bombardier beetle sprays incendiary fluid at you.
The burning spray hits you.
You are even more covered in liquid fire!
The liquid fire burns you!
* * * LOW HITPOINT WARNING * * *
You feel better. The liquid fire burns you!
* * * LOW HITPOINT WARNING * * *
You kill the bombardier beetle!
It was a potion of brilliance.
You feel clever all of a sudden. The liquid fire burns you!
* * * LOW HITPOINT WARNING * * *
It was a potion of haste.
You feel yourself speed up. The liquid fire burns you!
* * * LOW HITPOINT WARNING * * *
The liquid fire burns you!
* * * LOW HITPOINT WARNING * * *
The liquid fire burns you!
* * * LOW HITPOINT WARNING * * *
The liquid fire burns you!
You die...

♣ ##..............
###. ##.............
....## ######[#######
......### #.........#
........###)....###.#
.........##).##...#
..........#..#....#
...........)..._....
.......♣..#.#....#..#
..........#.#...##..#
)......†..#.###... .#
..........#.. ....
..........### ###
....>.....#
......?...#
..........#


There were no monsters in sight!

Vanquished Creatures
  An orc warrior (D:5)
  A centaur (D:5)
  2 bombardier beetles
  A spectral scorpion (Ossuary)
  5 centaur skeletons (Ossuary)
  A crocodile zombie (Ossuary)
  10 mummies (Ossuary)
  7 adders
  A white imp (D:5)
  A ribbon worm (D:4)
  5 orcs
  An endoplasm (D:4)
  2 giant cockroaches
  9 goblins
  2 hobgoblins (D:3)
  2 quokkas
  2 ball pythons
  2 bats (D:3)
  4 frilled lizards
  2 gnoll skeletons (Ossuary)
  2 kobolds
  A kobold skeleton (Ossuary)
  A rat (D:1)
  10 spectral rats (Ossuary)
75 creatures vanquished.

Notes
Turn   | Place    | Note
-------+----------+-------------------------------------------
     0 | D:1      | Flugslaktarn the Octopode Alchemist began the quest for the
                  | Orb.
     0 | D:1      | Reached XP level 1. HP: 11/11 MP: 3/3
   396 | D:1      | Reached XP level 2. HP: 15/17 MP: 3/5
   452 | D:2      | Reached skill level 4 in Alchemy
   492 | D:2      | Reached XP level 3. HP: 15/21 MP: 3/6
   670 | D:3      | Noticed Ijyb
   671 | D:3      | Reached XP level 4. HP: 25/27 MP: 2/8
   716 | D:4      | Reached skill level 5 in Alchemy
   726 | D:4      | Found a sand-covered staircase.
   731 | Ossuary  | Entered an ossuary
   740 | Ossuary  | Reached XP level 5. HP: 11/31 MP: 5/9
  1057 | Ossuary  | Reached skill level 6 in Alchemy
  1077 | Ossuary  | Reached XP level 6. HP: 23/36 MP: 11/11
  1137 | Ossuary  | Learned a level 4 spell: Olgreb's Toxic Radiance
  1142 | Ossuary  | Learned a level 4 spell: Sticky Flame
  1694 | Ossuary  | HP: 1/30 [spectral scorpion (1)]
  1771 | Ossuary  | Reached skill level 7 in Alchemy
  1998 | D:3      | Noticed Grinder
  2026 | D:3      | Reached XP level 7. HP: 38/39 MP: 10/13
  2209 | D:5      | Entered Level 5 of the Dungeon
  2210 | D:5      | Found a burning altar of Makhleb.
  2219 | D:5      | Reached skill level 1 in Fighting
  2219 | D:5      | Reached skill level 1 in Fire Magic
  2328 | D:5      | HP: 2/64 [centaur/arrow (4)]
  2350 | D:5      | HP: 3/66 [burnt (4)]
  2351 | D:5      | Incinerated by a bombardier beetle

Illustrated notes

Levels and vault maps discovered:
D:1:      dpeg_arrival_orchard, layout_basic, nrook_uturn, moated_statue,
          chequers_serial_rivers_marsh
D:2:      layout_basic, basic_altar, minmay_divided_ellipse
D:3:      layout_rooms, uniq_ijyb, uniq_grinder
D:4:      layout_rooms, nicolae_ossuary_entry_ruins
D:5:      layout_cave_pods, lemuel_doored_altar, nicolae_overflow_crystal_walls,
          chequers_temple_overflow_minitemple, serial_shops,
          nicolae_shop_pleasant_corner_grove, lemuel_flame_loot_1

Skill      XL: |  1  2  3  4  5  6  7 |
---------------+----------------------+-----
Alchemy        | 4 5 6 7 |  7.4
Spellcasting   | 3 4 |  4.3
Fighting       | 1 |  1.8
Fire Magic     | 1 |  1.6
Dodging        | |  2.0
Stealth        | |  2.6
Conjurations   | |  1.0

Action                     |  1- 3 |  4- 6 |  7- 9 || total
---------------------------+-------+-------+-------++-------
  Melee: Constrict         |     6 |    17 |     2 ||    25
         Unarmed           |     3 |       |       ||     3
         Hand axe          |    20 |   136 |    10 ||   166
         Tentacles         |     6 |    43 |     1 ||    50
         Punch             |       |     2 |       ||     2
   Cast: Sting             |    23 |    11 |     6 ||    40
         Olgreb's Toxic Ra |       |       |     7 ||     7
    Use: Potion            |       |     5 |     5 ||    10
         Scroll            |       |     3 |     2 ||     5
   Stab: Sleeping          |     1 |     3 |     1 ||     5
 Armour: Skin              |    12 |    88 |    22 ||   122
  Dodge: Dodged            |    23 |   103 |     5 ||   131

Table legend: (Time is in decaauts)
 A = Elapsed time spent in this place.
 B = Non-inter-level travel time spent in this place.
 C = Inter-level travel time spent in this place.
 D = Time resting spent in this place.
 E = Time spent auto-exploring this place.
 F = Levels seen in this place.
 G = Mean time per level.
                   A        B        C        D        E       F      G
               +--------+--------+--------+--------+--------+-----+--------+
         Total |   2398 |   2348 |     50 |    933 |    619 |   6 |  399.7 |
       Dungeon |   1155 |   1105 |     50 |    119 |    579 |   5 |  231.0 |
       Ossuary |   1243 |   1243 |      0 |    814 |     40 |   1 | 1243.0 |
               +--------+--------+--------+--------+--------+-----+--------+

Top non-repeatable levels by time:
 Ossuary: 1243 daAuts
     D:1: 425 daAuts
     D:4: 397 daAuts
     D:3: 138 daAuts
     D:2: 129 daAuts
     D:5: 64 daAuts
